Map: King's Cove LE

Players

Drtax

  • Race: Zerg Zerg
  • Spawn Location: 11:00

Cliggity - Winner!

  • Race: Protoss Protoss
  • League: Diamond
  • Spawn Location: 5:00

VOD

Have the link to the VOD?

Description

First Good Storm of 2019

Time

  • Played on: Jan. 30, 2019, 8:08 p.m.
  • Length: 18:24
Show
View Real Time Build Order
Export as new Build Order

Drtax Zerg 

Build Orders: Hatch First 

Get SALT Encoding   

  12  0:01  Drone  
  13  0:12  Overlord  
  13  0:18  Drone  
  14  0:31  Drone x2  
  16  0:53  Hatchery  
  16  0:56  Drone  
  16  0:59  Extractor  
  15  1:11  Drone  
  16  1:13  Drone  
  17  1:29  Spawning Pool  
  17  1:30  Drone  
  17  1:34  Drone  
  17  1:37  Drone  
  19  1:44  Drone  
  19  1:54  Drone  
  20  2:04  Drone  
  20  2:06  Drone  
  22  2:16  Queen  
  22  2:17  Queen  
  26  2:28  Metabolic Boost  
  26  2:30  Overlord  
  26  2:37  Overlord  
  26  2:40  Drone x2  
  28  2:49  Drone x2  
  28  2:50  Drone  
  31  2:51  Drone  
  32  3:10  Hatchery  
  31  3:14  Drone x3  
  31  3:15  Drone  
  36  3:20  Drone  
  36  3:23  Queen  
  38  3:27  Zergling x4  
  38  3:29  Zergling x2  
  38  3:31  Zergling x2  
  38  3:33  Zergling x2  
  43  3:41  Drone  
  43  3:42  Overlord  
  43  3:43  Overlord  
  44  3:48  Lair  
  44  4:06  Zergling x2  
  44  4:07  Zergling x8  
  49  4:15  Drone  
  50  4:19  Spore Crawler  
  50  4:23  Spore Crawler x2  
  47  4:25  Drone x8  
  47  4:29  Queen  
  58  4:38  Drone x3  
  58  4:44  Extractor  
  59  4:45  Extractor  
  55  5:08  Spore Crawler, Queen  
  57  5:14  Drone x2  
  57  5:15  Overlord x8  
  57  5:16  Overlord  
  58  5:23  Extractor  
  57  5:37  Drone  
  57  5:38  Drone x7  
  57  5:41  Drone  
  57  5:42  Drone x3  
  69  5:54  Spore Crawler  
  68  6:02  Hydralisk Den  
  67  6:05  Infestation Pit  
  64  6:30  Zergling x38  
  81  6:41  Drone x6  
  81  6:44  Hive  
  84  6:52  Queen x2  
  83  7:06  Hydralisk x5  
  93  7:15  Hydralisk x2  
  93  7:16  Hydralisk  
  93  7:22  Hydralisk x3  
  103  7:28  Drone, Queen  
  103  7:29  Drone x2  
  110  7:35  Drone x3  
  108  8:27  Hydralisk  
  108  8:28  Hydralisk x2  
  108  8:29  Overlord x9  
  114  8:40  Overlord x3  
  114  8:41  Overlord  
  114  9:02  Extractor  
  113  9:04  Extractor  
  112  9:10  Hatchery  
  112  9:14  Infestor x6  
  123  9:31  Drone x17  
  138  9:58  Baneling Nest  
  136  10:05  Ultralisk Cavern  
  129  10:13  Hydralisk x4  
  129  10:14  Hydralisk x5  
  141  10:25  Hydralisk  
  141  10:26  Hydralisk x3  
  149  10:28  Zergling x6  
  149  10:29  Zergling x12  
  146  10:46  Overseer x3  
  146  10:49  Baneling x5  
  146  10:50  Baneling  
  146  10:51  Baneling  
  146  10:56  Extractor  
  145  10:58  Extractor  
  144  11:05  Hatchery  
  144  11:08  Drone x8  
  144  11:09  Drone x6  
  157  11:15  Hatchery  
  156  11:18  Hatchery  
  155  11:39  Ultralisk  
  171  11:40  Ultralisk x2  
  154  11:57  Ultralisk  
  149  12:13  Drone x11  
  149  12:14  Drone x10  
  170  12:23  Drone x6  
  170  12:24  Queen x3  
  170  12:25  Queen x2  
  186  12:39  Chitinous Plating  
  186  13:06  Extractor  
  186  13:11  Spine Crawler  
  186  13:12  Extractor  
  183  13:14  Spine Crawler  
  183  13:15  Spine Crawler, Queen  
  165  13:49  Spore Crawler  
  165  13:53  Spore Crawler  
  165  13:54  Spine Crawler  
  162  13:58  Hydralisk x19  
  200  14:15  Spire  
  200  14:16  Evolution Chamber  
  198  14:17  Evolution Chamber  
  198  14:18  Evolution Chamber  
  188  14:44  Zerg Missile Weapons Level 1, Zerg Ground Armor Level 1, Zerg Melee Weapons Level 1  
  187  14:45  Anabolic Synthesis  
  187  14:51  Hydralisk  
  187  14:52  Hydralisk x6  
  199  15:04  Hydralisk x2  
  178  15:20  Hydralisk  
  178  15:21  Hydralisk x26  
  154  15:31  Hydralisk x3  
  148  15:44  Zergling x2  
  148  15:45  Zergling x16  
  141  15:55  Zergling x2  
  141  15:56  Zergling x8  
  104  16:13  Hydralisk x2  
  104  16:14  Hydralisk x4  
  111  16:20  Zergling x2  
  111  16:21  Zergling x8  
  112  16:31  Drone, Hydralisk x4  
  105  17:03  Hydralisk x7  
  105  17:04  Hydralisk x8  
  126  17:12  Drone x4  
  126  17:14  Drone  
  121  17:42  Drone x11  
  121  17:43  Drone x3  
Show
View Real Time Build Order
Export as new Build Order

Cliggity Protoss - Winner!

Build Orders: Oracle Opening 

Get SALT Encoding   

  12  0:00  Probe  
  13  0:13  Probe  
  14  0:19  Pylon  
  14  0:25  Probe  
  15  0:33  Probe  
  15  0:40  Gateway  
  15  0:41  Probe  
  17  0:50  Assimilator  
  17  1:00  Probe  
  18  1:12  Probe  
  19  1:24  Probe  
  20  1:37  Probe  
  21  1:51  Nexus  
  21  1:54  Assimilator  
  21  2:00  Cybernetics Core  
  21  2:06  Probe  
  22  2:08  Assimilator  
  22  2:12  Pylon  
  22  2:23  Probe  
  22  2:27  Gateway  
  23  2:40  Warp Gate  
  23  2:41  Stargate  
  23  2:53  Adept  
  25  3:00  Probe x2  
  27  3:08  Probe x2  
  29  3:14  Stargate  
  29  3:20  Adept  
  29  3:26  Probe x2  
  33  3:38  Probe x2  
  37  3:44  Oracle  
  38  3:51  Probe  
  38  3:52  Probe  
  38  3:53  Pylon  
  40  4:03  Probe, Phoenix  
  40  4:04  Probe  
  44  4:16  Probe x2  
  46  4:21  Phoenix  
  46  4:23  Assimilator  
  48  4:25  Pylon  
  48  4:28  Probe x2  
  50  4:40  Probe  
  50  4:45  Probe  
  52  4:48  Adept x2  
  52  4:50  Phoenix  
  52  4:52  Probe  
  59  4:57  Probe  
  57  5:03  Phoenix  
  59  5:11  Probe x2  
  61  5:33  Pylon  
  61  5:51  Phoenix x2  
  61  5:53  Pylon  
  65  6:01  Probe  
  65  6:03  Nexus  
  66  6:06  Pylon  
  66  6:07  Gateway x2  
  66  6:09  Gateway  
  66  6:10  Pylon  
  66  6:12  Pylon  
  66  6:13  Pylon  
  65  6:30  Phoenix x2  
  67  6:34  Adept  
  67  6:35  Adept  
  65  6:55  Probe x2  
  67  7:02  Twilight Council  
  65  7:14  Oracle  
  65  7:15  Oracle  
  69  7:17  Forge  
  69  7:22  Pylon  
  69  7:23  Pylon  
  69  7:24  Adept x5  
  69  7:25  Pylon  
  79  7:41  Charge  
  79  7:43  Protoss Ground Weapons Level 1  
  79  7:45  Robotics Facility  
  79  7:48  Pylon  
  79  7:50  Pylon  
  77  7:51  Nexus  
  77  7:55  Pylon  
  77  7:56  Pylon  
  75  8:30  Adept x2  
  75  8:31  Adept x3  
  85  8:41  Gateway, Observer  
  85  8:44  Gateway  
  85  8:46  Gateway  
  86  8:48  Gateway  
  86  9:02  Warp Prism  
  86  9:08  Zealot x5  
  98  9:14  Pylon  
  98  9:18  Pylon, Probe x3, Templar Archives  
  98  9:19  Pylon  
  101  9:30  Probe  
  101  9:31  Probe x2  
  104  9:41  Zealot x5  
  104  9:42  Probe, Zealot x3  
  104  9:43  Probe x2  
  121  9:47  Zealot  
  121  9:52  Protoss Ground Weapons Level 2  
  123  9:54  Psionic Storm, Probe  
  123  9:55  Probe  
  125  10:06  High Templar x3  
  131  10:07  Zealot x5  
  141  10:32  Observer  
  121  10:46  Probe  
  121  10:47  Probe x2  
  120  10:54  Observer  
  121  10:58  Probe  
  121  10:59  Probe x2, Nexus  
  121  11:03  Assimilator  
  124  11:05  High Templar x2  
  124  11:06  High Templar  
  124  11:07  Assimilator  
  130  11:11  Pylon  
  130  11:16  Pylon  
  129  11:19  Pylon  
  129  11:21  Zealot x3  
  129  11:22  Zealot x3  
  141  11:45  Zealot x6  
  141  11:58  High Templar x2  
  141  12:28  Observer  
  142  12:38  Protoss Ground Weapons Level 3  
  142  12:39  Probe x3  
  145  12:49  Observer  
  146  12:51  Probe x3  
  143  13:01  Robotics Facility  
  143  13:03  Probe x2  
  143  13:10  Immortal  
  147  13:18  Zealot x3  
  147  13:19  Zealot x5  
  151  13:41  Immortal  
  147  13:48  Assimilator  
  147  13:49  Assimilator  
  147  13:50  Immortal  
  147  13:53  Dark Shrine  
  147  13:55  Robotics Facility  
  151  13:58  Fleet Beacon  
  151  14:02  Stargate  
  155  14:12  Zealot  
  155  14:13  Zealot  
  155  14:15  Immortal  
  159  14:22  Immortal  
  163  14:27  Zealot x6  
  177  14:46  Immortal  
  177  14:48  Immortal  
  178  14:53  Zealot x2  
  178  14:54  Zealot x3  
  178  14:55  Zealot  
  178  14:59  Immortal  
  175  15:19  Zealot x9  
  169  15:26  Immortal, Protoss Ground Armor Level 1  
  169  15:27  Immortal  
  159  15:38  Carrier x3  
  141  16:05  Immortal  
  139  16:17  Warp Prism  
  131  16:21  Zealot x9  
  149  16:42  Zealot x4  
  149  16:43  Zealot  
  150  16:59  Probe x2  
  150  17:00  Probe  
  136  17:03  Probe  
  136  17:07  Probe x2  
  136  17:08  Probe  
  140  17:15  Probe  
  144  17:17  Probe  
  165  17:36  Probe x2  
  165  17:37  Probe  
  166  17:40  Assimilator  
  166  17:49  Nexus  
  166  17:52  Assimilator  
  166  17:56  Zealot x3  
  166  17:57  Zealot x3, Assimilator  
  164  18:18  Zealot  
  164  18:19  Zealot x2  
Tags
 
Add a new tag
Caveats
  • Supply blocks, unpowered buildings, or Contaminate may cause inaccurate times.
  • Supply counts are checked every 10 seconds.